 Dungeon Crawl Stone Soup version bcrawl-1.21.3 (webtiles) character file.

Game seed: 17324858901985679551

67 Freyura the Skirmisher (level 4, -1/29 HPs)
             Began as a Gargoyle Fighter on Mar 27, 2020.
             Was an Initiate of Ashenzari.
             Slain by an orc warrior
             ... wielding a +1 long sword of holy wrath
              (10 damage)
             ... on level 3 of the Dungeon.
             The game lasted 00:04:12 (1845 turns).

Freyura the Skirmisher (Gargoyle Fighter)           Turns: 1845, Time: 00:04:12

Health: -1/29      AC: 10    Str: 20    XL:     4   Next: 16%
Magic:  4/4        EV:  7    Int:  8    God:    Ashenzari [......]
Gold:   105        SH:  9    Dex: 10    Spells: 3/3 levels left

rFire    . . .     SeeInvis .   a - +0 flail (curse)
rCold    . . .     Gourm    .   c - +0 medium shield (curse)
rNeg     + . .     Faith    .   b - +0 scale mail
rPois    ∞         Spirit   .   (no helmet)
rElec    +         Reflect  .   (no cloak)
rCorr    .         Harm     .   (no gloves)
MR       .....                  (no boots)
Stlth    ..........             (no amulet)
HPRegen  0.09/turn              (no ring)
MPRegen  0.09/turn              (no ring)

@: no status effects
A: negative energy resistance 1, electricity resistance, unbreathing,
petrification resistance, rot immunity, AC +3
a: Curse Item, Renounce Religion


You were on level 3 of the Dungeon.
You worshipped Ashenzari.
Ashenzari was noncommittal.
You were hungry.

You visited 1 branch of the dungeon, and saw 3 of its levels.

You collected 105 gold pieces.

Inventory:

Hand Weapons
 a - a cursed +0 flail (weapon)
Armour
 b - a +0 scale mail (worn)
 c - a cursed +0 medium shield (worn)
Scrolls
 f - 2 scrolls of enchant armour {unknown}
 h - a scroll of noise {unknown}
 i - a scroll of identify {unknown}
 j - 5 scrolls of remove curse {unknown}
 k - 2 scrolls of teleportation {unknown}
 l - a scroll of enchant weapon {unknown}
 o - a scroll of fear {unknown}
Potions
 d - a potion of might
 g - 2 potions of curing {unknown}
 m - a potion of lignification {unknown}
 n - a potion of invisibility {unknown}
Comestibles
 e - 4 rations {!d}


   Skills:
 + Level 3.8 Fighting
 * Level 3.0 Maces & Flails
 + Level 3.6 Armour
 + Level 0.8 Dodging
 + Level 3.6 Shields


You had 3 spell levels left.
You didn't know any spells.
Your spell library was empty.

Dungeon Overview and Level Annotations

Branches:
Dungeon (3/12)

Altars:
Ashenzari
Dithmenos
Zin


Innate Abilities, Weirdness & Mutations

You are resistant to torment.
Your stone body is resilient. (AC +3)
You are immune to poison.
You resist negative energy. (rN+)
You are resistant to electric shocks. (rElec)
You can survive without breathing.
You are immune to petrification.
You are immune to rotting.


Message History

You aren't carrying any pieces of jewellery.
You hit the orc warrior but do no damage.
The orc warrior completely misses you. The orc warrior barely misses you.
You closely miss the orc warrior. The orc warrior barely misses you.
You hit the orc warrior.
The orc warrior is lightly wounded.
You block the orc warrior's attack.
You sock the orc warrior!
The orc warrior is moderately wounded.
The orc warrior hits you with a +1 long sword of holy wrath!
You thump the orc warrior!
The orc warrior is heavily wounded.
The orc warrior hits you with a +1 long sword of holy wrath!
You are too injured to fight recklessly!
You are too injured to fight recklessly!
You are too injured to fight recklessly!
You thump the orc warrior!
The orc warrior is almost dead.
The orc warrior hits you with a +1 long sword of holy wrath!
You die...

.# # .# #.#####
$# ....... %##
..... .( . ...
.#
....##.#.##..#
......o@.....#
....##.#.......
. #. ##.#.## ..
# #.. #.. #..
...


You could see an orc warrior.

Vanquished Creatures
  3 worms (D:2)
  3 dart slugs
  3 leopard geckos (D:1)
  An orc (D:2)
  A ball python (D:1)
  5 bats
  A giant cockroach (D:1)
  6 goblins
  5 hobgoblins
  4 jackals (D:2)
  2 frilled lizards
  9 kobolds
  2 rats
45 creatures vanquished.

Notes
Turn   | Place    | Note
-------+----------+-------------------------------------------
     0 | D:1      | Freyura the Gargoyle Fighter began the quest for the Orb.
     0 | D:1      | Reached XP level 1. HP: 14/14 MP: 1/1
     1 | D:1      | Noticed an electric eel
   169 | D:1      | Reached XP level 2. HP: 19/19 MP: 2/2
   621 | D:1      | Reached XP level 3. HP: 23/23 MP: 3/3
  1187 | D:2      | Found a shadowy altar of Dithmenos.
  1389 | D:2      | Found a shattered altar of Ashenzari.
  1393 | D:2      | Saw a vision of the Shoals and the Snake Pit.
  1393 | D:2      | Noticed a merfolk
  1393 | D:2      | Noticed a black mamba
  1393 | D:2      | Noticed a sea snake
  1393 | D:2      | Noticed a shock serpent
  1393 | D:2      | Noticed a sea snake
  1393 | D:2      | Noticed a naga ritualist
  1393 | D:2      | Noticed a merfolk
  1393 | D:2      | Noticed a nagaraja
  1393 | D:2      | Noticed a merfolk
  1393 | D:2      | Noticed a naga
  1393 | D:2      | Noticed a merfolk siren
  1393 | D:2      | Noticed a guardian serpent
  1394 | D:2      | Noticed a merfolk siren
  1395 | D:2      | Noticed a naga sharpshooter
  1398 | D:2      | Became a worshipper of Ashenzari the Shackled
  1477 | D:2      | Reached XP level 4. HP: 25/29 MP: 4/4
  1680 | D:2      | Found a glowing silver altar of Zin.
  1832 | D:3      | Noticed an orc warrior
  1845 | D:3      | Slain by an orc warrior

Skill      XL: |  1  2  3  4 |
---------------+-------------+-----
Maces & Flails | 3 |  3.0
Fighting       | |  3.8
Armour         | |  3.6
Dodging        | |  0.8
Shields        | |  3.6

Action                   |  1- 3 |  4- 6 || total
-------------------------+-------+-------++-------
Melee: Flail             |   189 |    39 ||   228
Invok: Curse Item        |     2 |       ||     2
  Eat: Chunk             |     2 |     1 ||     3
Armor: Scale mail        |   134 |    10 ||   144
Dodge: Dodged            |    69 |     8 ||    77
Block: Medium shield     |   109 |    14 ||   123
